 Dungeon Crawl Stone Soup version 0.32-a0-630-g46d191b0ed (webtiles) character file.

Game seed: 7336970311818090386

70 backslashecho the Grasshopper (level 4, -1/38 HPs)
             Began as a Gnoll Warper on Mar 7, 2024.
             Was a Follower of Okawaru.
             Incinerated by a bombardier beetle (5 damage)
             ... with a burning spray
             ... on level 3 of the Dungeon.
             The game lasted 00:03:16 (2160 turns).

backslashecho the Grasshopper (Gnoll Warper)        Turns: 2160, Time: 00:03:17

Health: -1/38      AC:  5    Str: 11    XL:     4   Next: 21%
Magic:  11/11      EV: 28    Int: 12    God:    Okawaru [*.....]
Gold:   93         SH:  0    Dex: 13    Spells: 9/13 levels left

rFire   . . .        a - +0 falchion
rCold   . . .        (no shield)
rNeg    . . .        b - +0 leather armour
rPois   .            l - +1 helmet
rElec   .            (no cloak)
rCorr   .            (no gloves)
SInv    .            (no boots)
Will    .....        o - amulet of the acrobat
Stlth   +            (no ring)
HPRegen 0.26/turn    (no ring)
MPRegen 0.12/turn

%: acrobat
@: on fire, acrobatic, glowing
A: fangs 1, strong nose, distributed training
a: Renounce Religion, Heroism


You were on level 3 of the Dungeon.
You worshipped Okawaru.
Okawaru was aware of your devotion.
You visited 1 branch of the dungeon, and saw 3 of its levels.

You collected 93 gold pieces.

Inventory:

Hand Weapons
 a - a +0 falchion (weapon)
Missiles
 d - 7 darts of dispersal (quivered)
 i - 4 poisoned darts
Armour
 b - a +0 leather armour (worn)
 l - a +1 helmet (worn)
Jewellery
 o - an amulet of the acrobat (around neck)
Wands
 q - a wand of flame (24)
 r - a wand of light (5)
Scrolls
 c - a scroll of blinking
 f - 7 scrolls of identify {unknown}
 g - a scroll of amnesia {unknown}
 h - 2 scrolls of revelation {unknown}
 j - a scroll of enchant armour {unknown}
 k - 3 scrolls of teleportation {unknown}
Potions
 e - a potion of curing {unknown}
 m - 2 potions of invisibility {unknown}
 n - a potion of heal wounds {unknown}
 p - a potion of resistance {unknown}


   Skills:
 + Level 4.6 Fighting
 + Level 1.1 Short Blades
 + Level 4.6 Long Blades
 + Level 1.1 Axes
 + Level 1.1 Maces & Flails
 + Level 1.1 Polearms
 + Level 1.1 Staves
 + Level 1.1 Ranged Weapons
 + Level 2.7 Throwing
 + Level 2.7 Armour
 + Level 4.6 Dodging
 + Level 1.1 Stealth
 + Level 1.1 Shields
 + Level 1.1 Unarmed Combat
 + Level 5.0 Spellcasting
 + Level 0.8 Conjurations
 + Level 0.8 Hexes
 + Level 0.8 Summonings
 + Level 0.8 Necromancy
 + Level 5.4 Translocations
 + Level 0.8 Fire Magic
 + Level 0.8 Ice Magic
 + Level 0.8 Air Magic
 + Level 0.8 Earth Magic
 + Level 0.8 Alchemy
 + Level 1.2 Invocations
 + Level 1.1 Evocations
 + Level 1.0 Shapeshifting


You had 9 spell levels left.
You knew the following spells:

 Your Spells              Type           Power      Damage    Failure   Level
a - Lesser Beckoning      Tloc           32%        N/A       4%          2
b - Blink                 Tloc           32%        N/A       4%          2

Your spell library contained the following spells:

 Spells                   Type           Power      Damage    Failure   Level
 Teleport Other           Tloc           16%        N/A       8%          3
 Manifold Assault         Tloc           16%        N/A       26%         4
 Vhi's Electric Charge    Tloc/Air       20%        N/A       56%         4
 Ignite Poison            Fire/Alch      5%         N/A       87%         4
 Sticky Flame             Fire/Alch      5%         2d4       87%         4
 Ignition                 Fire           2%         3d3       100%        8


Dungeon Overview and Level Annotations

Branches:
Dungeon (3/15)

Altars:
Okawaru
Uskayaw


Innate Abilities, Weirdness & Mutations

You have very sharp teeth.
Your uncanny sense of smell can sniff out nearby items.
Your experience applies equally to all skills.


Message History

You take 1 damage, and have 37/38 hp.
You barely miss the goblin. You bite the goblin, but do no damage.
The goblin is heavily wounded.
The liquid fire burns you! The kobold closely misses you.
The goblin hits you with a +0 club.
You take 8 damage, and have 29/38 hp.
MASSIVE DAMAGE!!
You barely miss the goblin. Your bite misses the goblin.
The goblin is heavily wounded.
The liquid fire burns you! The kobold misses you.
The goblin hits you with a +0 club.
You take 7 damage, and have 22/38 hp.
You shake off some of the fire as you move.
The liquid fire burns you! The kobold closely misses you.
You take 6 damage, and have 16/38 hp.
You shake off the liquid fire.
The kobold attacks as it pursues you! The kobold completely misses you.
The kobold attacks as it pursues you! The kobold misses you.
You barely miss the kobold. Your bite misses the kobold.
The kobold completely misses you.
You hit the kobold.
You kill the kobold!
Okawaru accepts your kill.
You closely miss the goblin. Your bite misses the goblin.
The goblin is heavily wounded.
The goblin barely misses you. The goblin attacks as it pursues you!
The goblin completely misses you.
You closely miss the goblin.
The goblin is moderately wounded.
The goblin hits you with a +0 club.
You take 1 damage, and have 19/38 hp.
You hit the goblin.
You kill the goblin!
Okawaru accepts your kill.
There is an open door here.
You close the door.
You start resting.
HP restored.
Health restored: 38 You open the door.
The bombardier beetle closely misses you.
There is an open door here.
You hit the bombardier beetle but do no damage.
The bombardier beetle barely misses you.
You hit the bombardier beetle.
You bite the bombardier beetle, but do no damage.
The bombardier beetle is moderately wounded.
The bombardier beetle completely misses you.
You hit the bombardier beetle but do no damage.
You bite the bombardier beetle, but do no damage.
The bombardier beetle is moderately wounded.
You slash the bombardier beetle!
You bite the bombardier beetle, but do no damage.
The bombardier beetle is severely wounded.
The bombardier beetle sprays incendiary fluid at you.
The burning spray hits you.
You are covered in liquid fire!
You hit the bombardier beetle.
The bombardier beetle is almost dead.
The liquid fire burns you!
The bombardier beetle sprays incendiary fluid at you.
The burning spray hits you.
You are even more covered in liquid fire!
You take 1 damage, and have 37/38 hp.
You barely miss the bombardier beetle.
The bombardier beetle is almost dead.
The liquid fire burns you!
You take 5 damage, and have 32/38 hp.
You completely miss the bombardier beetle.
The bombardier beetle is almost dead.
The liquid fire burns you!
The bombardier beetle sprays incendiary fluid at you.
The burning spray misses you.
You take 6 damage, and have 26/38 hp.
You hit the bombardier beetle but do no damage.
The bombardier beetle is almost dead.
The liquid fire burns you!
The bombardier beetle sprays incendiary fluid at you.
The burning spray hits you.
You are even more covered in liquid fire!
You take 5 damage, and have 21/38 hp.
You closely miss the bombardier beetle.
The bombardier beetle is almost dead.
The liquid fire burns you!
You take 6 damage, and have 15/38 hp.
You are too injured to fight recklessly!
You shake off some of the fire as you move.
The liquid fire burns you!
* * * LOW HITPOINT WARNING * * *
The bombardier beetle sprays incendiary fluid at you.
The burning spray misses you.
There is an open door here.
You take 5 damage, and have 10/38 hp.
You shake off some of the fire as you move.
The liquid fire burns you!
* * * LOW HITPOINT WARNING * * *
You take 6 damage, and have 4/38 hp.
You shake off some of the fire as you move.
The liquid fire burns you!
You die...

#.......##.# #.# ∆
###'###'###+###.#
#..#.......#..#.# #
###..#.......#^.#.# ...
#.'..+###'###'..'.#
......###.#..#.+...'.#..#.#
>............#..#.#...#.#..#.#
..##..##.###.'##'.#._.#.+##+.#
#.##..##.# ###@.#.#...#.# #.#
#.##..##.# ###..#.+...+.# #.#
#.##..##.# #B'..'###+###+ +.#
#.##..##.###.#..#....... ##
#.##..##.##..#..#.......
.##.#....B....####+###+###
.#...........##
.#..###.####.######
.#..).............+


There were no monsters in sight!

Vanquished Creatures
  3 ribbon worms (D:2)
  2 dart slugs
  2 ball pythons (D:1)
  3 endoplasms
  4 giant cockroaches
  8 goblins
  3 hobgoblins
  5 jackals
  6 bats
  2 frilled lizards
  11 kobolds
  A rat (D:1)
50 creatures vanquished.

Notes
Turn   | Place    | Note
-------+----------+-------------------------------------------
     0 | D:1      | backslashecho the Gnoll Warper began the quest for the Orb.
     0 | D:1      | Reached XP level 1. HP: 20/20 MP: 6/6
    85 | D:1      | Reached XP level 2. HP: 25/26 MP: 7/7
   377 | D:1      | Found a faded altar of an unknown god.
   394 | D:1      | Reached skill level 5 in Spellcasting
   394 | D:1      | Reached XP level 3. HP: 28/31 MP: 7/9
   406 | D:1      | Prayed at the altar of an unknown god.
   406 | D:1      | Became a worshipper of Warmaster Okawaru
   406 | D:1      | Reached * piety under Okawaru
   801 | D:2      | Reached skill level 1 in Invocations
   858 | D:2      | Learned a level 2 spell: Lesser Beckoning
   861 | D:2      | Learned a level 2 spell: Blink
  1134 | D:2      | Reached skill level 1 in Short Blades
  1134 | D:2      | Reached skill level 1 in Axes
  1134 | D:2      | Reached skill level 1 in Maces & Flails
  1134 | D:2      | Reached skill level 1 in Polearms
  1134 | D:2      | Reached skill level 1 in Staves
  1134 | D:2      | Reached skill level 1 in Ranged Weapons
  1134 | D:2      | Reached skill level 1 in Stealth
  1134 | D:2      | Reached skill level 1 in Shields
  1134 | D:2      | Reached skill level 1 in Unarmed Combat
  1134 | D:2      | Reached skill level 1 in Evocations
  1424 | D:2      | Reached skill level 1 in Shapeshifting
  1424 | D:2      | Reached XP level 4. HP: 36/38 MP: 11/11
  1967 | D:3      | Found a hide-covered altar of Uskayaw.
  2160 | D:3      | Incinerated by a bombardier beetle

Illustrated notes

Levels and vault maps discovered:
D:1:      dpeg_arrival_solitude, layout_loops_ring, basic_ecumenical_altar
D:2:      layout_loops_corners
D:3:      layout_basic, nzn_wu_jian_contemplation, mainiacjoe_overflow_catwalk,
          mainiacjoe_overflow_24_doors, nicolae_qazlal_general_emergency,
          serial_park_tiny_pond

Skill      XL: |  1  2  3 |
---------------+----------+-----
Spellcasting   | 5 |  5.0
Invocations    | 1 |  1.2
Short Blades   | 1 |  1.1
Axes           | 1 |  1.1
Maces & Flails | 1 |  1.1
Polearms       | 1 |  1.1
Staves         | 1 |  1.1
Ranged Weapons | 1 |  1.1
Stealth        | 1 |  1.1
Shields        | 1 |  1.1
Unarmed Combat | 1 |  1.1
Evocations     | 1 |  1.1
Shapeshifting  | 1 |  1.0
Fighting       | |  4.6
Long Blades    | |  4.6
Throwing       | |  2.7
Armour         | |  2.7
Dodging        | |  4.6
Conjurations   | |  0.8
Hexes          | |  0.8
Summonings     | |  0.8
Necromancy     | |  0.8
Translocations | |  5.4
Fire Magic     | |  0.8
Ice Magic      | |  0.8
Air Magic      | |  0.8
Earth Magic    | |  0.8
Alchemy        | |  0.8

Action                     |  1- 3 |  4- 6 || total
---------------------------+-------+-------++-------
  Melee: Falchion          |   161 |    47 ||   208
         Bite              |    12 |     4 ||    16
   Stab: Sleeping          |     1 |       ||     1
 Armour: Leather armour    |    85 |    20 ||   105
  Dodge: Dodged            |   109 |    27 ||   136

Table legend: (Time is in decaauts)
 A = Elapsed time spent in this place.
 B = Non-inter-level travel time spent in this place.
 C = Inter-level travel time spent in this place.
 D = Time resting spent in this place.
 E = Time spent auto-exploring this place.
 F = Levels seen in this place.
 G = Mean time per level.
                   A        B        C        D        E       F      G
               +--------+--------+--------+--------+--------+-----+--------+
         Total |   2175 |   2149 |     26 |     63 |   1590 |   3 |  725.0 |
       Dungeon |   2175 |   2149 |     26 |     63 |   1590 |   3 |  725.0 |
               +--------+--------+--------+--------+--------+-----+--------+

Top non-repeatable levels by time:
     D:2: 1167 daAuts
     D:1: 680 daAuts
     D:3: 327 daAuts
